 Dungeon Crawl Stone Soup version 0.32-a0-953-g508020473e (webtiles) character file.

Game seed: 16597256350002462237

67 Shayle the Apothecary (level 4, -5/33 HPs)
             Began as a Coglin Alchemist on Apr 16, 2024.
             Killed from afar by an orc wizard (11 damage)
             ... with a puff of flame
             ... on level 2 of the Dungeon.
             The game lasted 00:04:22 (1371 turns).

Shayle the Apothecary (Coglin Alchemist)            Turns: 1371, Time: 00:04:22

Health: -5/33      AC:  3    Str:  8    XL:     4   Next: 16%
Magic:  4/6        EV: 11    Int: 16    God:
Gold:   89         SH:  0    Dex: 15    Spells: 2/6 levels left

rFire   . . .        c - +0 dagger {Shunnar}
rCold   . . .        f - +0 whip {Paramjit}
rNeg    . . .        a - +0 robe
rPois   .            (no helmet)
rElec   .            (no cloak)
rCorr   .            (no gloves)
SInv    .            e - +0 pair of boots
Will    .....        (amulet unavailable)
Stlth   +            (ring unavailable)
HPRegen 0.25/turn    (ring unavailable)
MPRegen 0.10/turn    (no gizmo)

%: no passive effects
@: confused, revved
A: off-hand wielding, slow wielding, warmup strikes, no jewellery
a: Invent Gizmo


You were on level 2 of the Dungeon.
You visited 1 branch of the dungeon, and saw 2 of its levels.

You collected 89 gold pieces.

Inventory:

Hand Weapons
 c - a +0 dagger (weapon) {Shunnar}
 f - a +0 whip (offhand) {Paramjit}
Missiles
 g - a throwing net
Armour
 a - a +0 robe (worn)
 e - a +0 pair of boots (worn)
Scrolls
 d - a scroll of immolation {unknown}
 h - a scroll of identify {unknown}
 j - 2 scrolls of teleportation {unknown}
 k - 2 scrolls of fog {unknown}
Potions
 b - a potion of magic


   Skills:
 + Level 1.9 Fighting
 + Level 2.6 Dodging
 - Level 1.5 Stealth
 - Level 1.7 Spellcasting
 - Level 0.8 Conjurations
 - Level 3.2 Alchemy
 + Level 1.5 Invocations


You had 2 spell levels left.
You knew the following spells:

 Your Spells              Type           Power      Damage    Failure   Level
a - Sting                 Conj/Alch      32%        1d5       9%          1
b - Mephitic Cloud        Conj/Alch/Air  5%         N/A       36%         3

Your spell library contained the following spells:

 Spells                   Type           Power      Damage    Failure   Level
 Mercury Vapours          Alch/Air       12%        N/A       16%         2
 Freeze                   Ice            4%         1d3       22%         1
 Hailstorm                Conj/Ice       2%         3d5       47%         3
 Olgreb's Toxic Radiance  Alch           11%        N/A       50%         4
 Frozen Ramparts          Ice            2%         1d1       54%         3
 Volatile Blastmotes      Fire/Tloc      2%         2d10      54%         3
 Sticky Flame             Fire/Alch      6%         2d4       71%         4
 Vhi's Electric Charge    Tloc/Air       2%         N/A       91%         4
 Gell's Gavotte           Tloc           0%         2d(11-16) 100%        6


Dungeon Overview and Level Annotations

Branches:
Dungeon (2/15)

Altars:


Innate Abilities, Weirdness & Mutations

You can wield a second weapon in your off-hand.
It takes a long time for you to wield or remove held weapons.
Your first few attacks do less damage.
You cannot equip rings or amulets.


Message History

You closely miss something with your +0 whip.
Something completely misses you.
Unknown command.
It was a potion of brilliance.
You feel clever all of a sudden. Something hits you.
* * * LOW HITPOINT WARNING * * *
It was a potion of cancellation.
Your magical effects are unravelling.
You feel magically purged.
You feel a little less clever now. Something hits you but does no damage.
You aren't carrying any items that you can evoke.
Unknown command.
Okay, then.
Casting: Sting (safe; 9% risk of failure)
Confirm with . or Enter, or press ? or * to list all spells.
Aiming: Sting (safe; 9% risk of failure)
Press: ? - help, Shift-Dir - straight line The sting hits something but does no damage.
Something hits you but does no damage.
Casting: Sting (safe; 9% risk of failure)
Confirm with . or Enter, or press ? or * to list all spells.
Aiming: Sting (safe; 9% risk of failure)
Press: ? - help, Shift-Dir - straight line You hear some strange, mumbled words.
You are confused.
You closely miss something with your +0 dagger.
You completely miss something with your +0 whip.
Something hits you.
* * * LOW HITPOINT WARNING * * *
You're too confused to move!
You hear some strange, mumbled words.
Something tries to affect you, but you resist.
You barely miss something with your +0 whip.
You completely miss something with your +0 dagger.
You hear some strange, mumbled words.
A puff of flame appears from out of thin air!
The puff of flame hits you!
You die...

# ## #. #. #. #.
################ #.
#.@............###.
#{###########......
#)# ##..###. #.#
#####...# #. ...
.........###. ##.##
######.#..... #..
#.#.>#.. #..
#.##...# #.. ..
##..#


There were no monsters in sight!

Vanquished Creatures
  An orc wizard (D:2)
  An adder (D:2)
  2 ribbon worms (D:2)
  3 dart slugs
  An orc (D:2)
  8 ball pythons
  2 endoplasms (D:2)
  3 giant cockroaches
  A goblin (D:1)
  3 hobgoblins
  4 jackals (D:1)
  2 kobolds
  3 bats
  4 rats
38 creatures vanquished.

Notes
Turn   | Place    | Note
-------+----------+-------------------------------------------
     0 | D:1      | Shayle the Coglin Alchemist began the quest for the Orb.
     0 | D:1      | Reached XP level 1. HP: 13/13 MP: 3/3
   152 | D:1      | Found a faded altar of an unknown god.
   290 | D:1      | Reached XP level 2. HP: 14/20 MP: 4/4
   480 | D:1      | Reached skill level 1 in Fighting
   656 | D:1      | Reached skill level 1 in Invocations
   888 | D:2      | Reached XP level 3. HP: 22/26 MP: 5/5
  1301 | D:2      | Reached XP level 4. HP: 33/33 MP: 3/6
  1337 | D:2      | Learned a level 3 spell: Mephitic Cloud
  1371 | D:2      | Killed from afar by an orc wizard

Illustrated notes

Levels and vault maps discovered:
D:1:      minmay_arrival_jagged, layout_loops_ring, basic_ecumenical_altar,
          st_stairs_7, grunt_decor_cap, chequers_serial_rivers_small_3,
          dreamdust_mushroom_princess
D:2:      layout_rooms, minmay_fractal_squares_5

Skill      XL: |  1  2 |
---------------+-------+-----
Dodging        | 2 |  2.6
Fighting       | 1 |  1.9
Invocations    | 1 |  1.5
Stealth        | |  1.5
Spellcasting   | |  1.7
Conjurations   | |  0.8
Alchemy        | |  3.2

Action                     |  1- 3 |  4- 6 || total
---------------------------+-------+-------++-------
  Melee: Dagger            |    65 |    13 ||    78
         Whip              |    58 |    13 ||    71
   Cast: Sting             |    33 |     4 ||    37
    Use: Potion            |       |     2 ||     2
   Stab: Sleeping          |     3 |       ||     3
 Armour: Robe              |    54 |    13 ||    67
  Dodge: Dodged            |    46 |     7 ||    53

Table legend: (Time is in decaauts)
 A = Elapsed time spent in this place.
 B = Non-inter-level travel time spent in this place.
 C = Inter-level travel time spent in this place.
 D = Time resting spent in this place.
 E = Time spent auto-exploring this place.
 F = Levels seen in this place.
 G = Mean time per level.
                   A        B        C        D        E       F      G
               +--------+--------+--------+--------+--------+-----+--------+
         Total |   1379 |   1367 |     12 |    115 |    867 |   2 |  689.5 |
       Dungeon |   1379 |   1367 |     12 |    115 |    867 |   2 |  689.5 |
               +--------+--------+--------+--------+--------+-----+--------+

Top non-repeatable levels by time:
     D:1: 900 daAuts
     D:2: 479 daAuts
